 Dungeon Crawl Stone Soup version 0.31-a0-1405-g2bb1a01664 (webtiles) character file.

Game seed: 6324056503198427313

473 porpoise the Shooter (level 6, -4/56 HPs)
             Began as a Minotaur Hunter on Dec 26, 2023.
             Slain by Pikel
             ... wielding a +2 whip of flaming
              (11 damage)
             ... on level 4 of the Dungeon.
             The game lasted 00:06:59 (3018 turns).

porpoise the Shooter (Minotaur Hunter)              Turns: 3018, Time: 00:07:00

Health: -4/56      AC:  5    Str: 16    XL:     6   Next: 83%
Magic:  5/5        EV: 12    Int:  6    God:
Gold:   170        SH:  0    Dex: 15    Spells: 5/5 levels left

rFire   . . .        a - +0 shortbow
rCold   . . .        (shield currently unavailable)
rNeg    . . .        c - +0 leather armour
rPois   .            (helmet restricted)
rElec   .            (no cloak)
rCorr   .            (no gloves)
SInv    .            m - +1 pair of boots
Will    .....        h - amulet of regeneration
Stlth   +            (no ring)
HPRegen 1.09/turn    (no ring)
MPRegen 0.09/turn

%: no passive effects
@: no status effects
A: horns 2, retaliatory headbutt
a: no special abilities


You were on level 4 of the Dungeon.
You visited 1 branch of the dungeon, and saw 4 of its levels.

You collected 170 gold pieces.

Inventory:

Hand Weapons
 a - a +0 shortbow (weapon)
 f - a +0 hand axe
Missiles
 n - 2 boomerangs
 w - 5 poisoned darts
 z - 4 curare-tipped darts
Armour
 c - a +0 leather armour (worn)
 m - a +1 pair of boots (worn)
Jewellery
 h - an amulet of regeneration (around neck)
Scrolls
 b - 2 scrolls of butterflies
 e - 2 scrolls of noise
 g - 2 scrolls of amnesia
 i - a scroll of identify {unknown}
 j - a scroll of blinking {unknown}
 k - a scroll of silence {unknown}
 o - a scroll of enchant armour
 p - a scroll of enchant weapon {unknown}
 v - a scroll of poison
 x - a scroll of immolation {unknown}
 y - a scroll of fear {unknown}
Potions
 d - 2 potions of curing
 l - a potion of mutation {unknown}
 q - a potion of magic {unknown}
 r - a potion of berserk rage {unknown}
 s - a potion of haste {unknown}
 t - 2 potions of enlightenment {unknown}
 u - a potion of heal wounds {unknown}


   Skills:
 + Level 5.5 Fighting
 * Level 7.8 Ranged Weapons
 - Level 2.1 Dodging
 - Level 0.7 Stealth


You had 5 spell levels left.
You didn't know any spells.
Your spell library contained the following spells:

 Spells                   Type           Power      Damage    Failure   Level
 Ensorcelled Hibernation  Hex/Ice        0%         N/A       67%         2
 Jinxbite                 Hex            0%         N/A       67%         2
 Passwall                 Alch/Erth      0%         N/A       67%         2
 Swiftness                Air            0%         N/A       88%         3
 Yara's Violent Unravell  Hex/Alch       0%         3d3       100%        5
 Enfeeble                 Hex            0%         N/A       100%        7


Dungeon Overview and Level Annotations

Branches:
Dungeon (4/15)
 Temple: D:4-7

Altars:

Annotations:
D:4 Pikel


Innate Abilities, Weirdness & Mutations

You have a pair of horns on your head.
You reflexively headbutt those who attack you in melee.


Message History

You shoot an arrow.
The arrow hits Pikel but does no damage.
Pikel is moderately wounded.
Pikel says, "You'll make a fine lemure."
Pikel closely misses you.
You shoot an arrow. The arrow hits Pikel.
Pikel is heavily wounded.
Pikel hits you with a +2 whip of flaming!
* * * LOW HITPOINT WARNING * * *
Pikel burns you.
* * * LOW HITPOINT WARNING * * *
You shoot an arrow. The arrow hits Pikel!
Pikel is severely wounded.
Pikel hits you with a +2 whip of flaming.
* * * LOW HITPOINT WARNING * * *
Pikel burns you.
* * * LOW HITPOINT WARNING * * *
You shoot an arrow.
The arrow hits Pikel but does no damage.
Pikel is severely wounded.
Pikel hits you with a +2 whip of flaming.
* * * LOW HITPOINT WARNING * * *
Pikel burns you.
* * * LOW HITPOINT WARNING * * *
It was a potion of curing.
You feel better.
Pikel hits you with a +2 whip of flaming.
* * * LOW HITPOINT WARNING * * *
Pikel burns you.
* * * LOW HITPOINT WARNING * * *
You shoot an arrow. The arrow barely misses Pikel.
The arrow hits the lemure.
The lemure is lightly wounded.
Pikel hits you with a +2 whip of flaming.
* * * LOW HITPOINT WARNING * * *
Pikel burns you.
* * * LOW HITPOINT WARNING * * *
You shoot an arrow. The arrow barely misses Pikel.
The arrow hits the lemure but does no damage.
Pikel hits you with a +2 whip of flaming!
You die...
Pikel says, "Another soul for the market."

.....# #.5.#
..# #..# ..
#### #..## .#
#..# ##..# #.#
#..# #..## ..##
# #..#
##..###...#
###.##
#..5#....###.
....#
##.55K@......#
#...##
##...###..#####
###..## ##...##
...#
#...###...##
.....
####..#....##
..)....
..........##
......#
.....#....#
...####
######....#
..## ##..##


You could see Pikel and 3 lemures.

Vanquished Creatures
  Grinder (D:2)
  A lemure (D:4)
  Terence (D:3)
  Natasha (thrice) (D:3)
  3 gnolls
  8 adders
  4 worms (D:2)
  3 dart slugs
  3 orcs
  4 ball pythons
  5 bats
  5 endoplasms
  3 giant cockroaches
  3 jackals (D:2)
  3 quokkas
  6 frilled lizards
  7 goblins
  5 kobolds
  7 rats
75 creatures vanquished.

Notes
Turn   | Place    | Note
-------+----------+-------------------------------------------
     0 | D:1      | porpoise the Minotaur Hunter began the quest for the Orb.
     0 | D:1      | Reached XP level 1. HP: 18/18 MP: 0/0
   261 | D:1      | Reached XP level 2. HP: 25/25 MP: 1/1
   930 | D:2      | Reached skill level 5 in Ranged Weapons
  1130 | D:2      | Reached XP level 3. HP: 31/31 MP: 2/2
  1400 | D:3      | Noticed Grinder
  1408 | D:2      | Killed Grinder
  1409 | D:2      | Reached skill level 6 in Ranged Weapons
  1409 | D:2      | Reached XP level 4. HP: 32/41 MP: 3/3
  1409 | D:2      | Reached XP level 5. HP: 37/47 MP: 4/4
  1482 | D:2      | Reached skill level 7 in Ranged Weapons
  1487 | D:2      | Reached XP level 6. HP: 46/55 MP: 5/5
  1690 | D:3      | Noticed Natasha
  1696 | D:3      | Killed Natasha
  1731 | D:3      | Noticed Natasha
  1744 | D:3      | Killed Natasha
  1745 | D:3      | Reached skill level 5 in Fighting
  1774 | D:3      | Noticed Terence
  1788 | D:3      | Killed Terence
  1924 | D:3      | Noticed Natasha
  1931 | D:3      | Killed Natasha
  2991 | D:4      | Noticed Pikel
  3018 | D:4      | Slain by Pikel

Illustrated notes

Levels and vault maps discovered:
D:1:      heliophobic_arrival_dark_side_of_the_moon, layout_loops_corners,
          hangedman_decor_growths
D:2:      minmay_door_path, layout_basic
D:3:      layout_rooms, kennysheep_generic_room_8, uniq_terence, uniq_grinder,
          uniq_natasha
D:4:      layout_layer_cave, mainiacjoe_overflow_tiny_flanked,
          tgw_kikubaaqudgha, kennysheep_nub, uniq_sigmund, uniq_pikel

Skill      XL: |  1  2  3  4  5  6 |
---------------+-------------------+-----
Fighting       | 3 4 5 |  5.5
Ranged Weapons | 5 6 7 |  7.8
Dodging        | |  2.1
Stealth        | |  0.7

Action                     |  1- 3 |  4- 6 || total
---------------------------+-------+-------++-------
   Fire: Shortbow          |    84 |   182 ||   266
    Use: Scroll            |       |     4 ||     4
         Potion            |       |     1 ||     1
 Armour: Leather armour    |    10 |    70 ||    80
  Dodge: Dodged            |    13 |    52 ||    65

Table legend: (Time is in decaauts)
 A = Elapsed time spent in this place.
 B = Non-inter-level travel time spent in this place.
 C = Inter-level travel time spent in this place.
 D = Time resting spent in this place.
 E = Time spent auto-exploring this place.
 F = Levels seen in this place.
 G = Mean time per level.
                   A        B        C        D        E       F      G
               +--------+--------+--------+--------+--------+-----+--------+
         Total |   3050 |   2837 |    213 |    365 |   1896 |   4 |  762.5 |
       Dungeon |   3050 |   2837 |    213 |    365 |   1896 |   4 |  762.5 |
               +--------+--------+--------+--------+--------+-----+--------+

Top non-repeatable levels by time:
     D:1: 931 daAuts
     D:2: 830 daAuts
     D:3: 673 daAuts
     D:4: 615 daAuts
